Map: Tours du crépuscule

Players

Thorpey - Winner!

  • Race: Zerg Zerg
  • League: Silver
  • Spawn Location: 1:00

zidar

  • Race: Zerg Zerg
  • League: Silver
  • Spawn Location: 7:00

VOD

Have the link to the VOD?

Description

Time

  • Played on: Jan. 20, 2016, 1:22 p.m.
  • Length: 11:32
Show
View Real Time Build Order
Export as new Build Order

Thorpey Zerg - Winner!

Build Orders: Pool First 

Get SALT Encoding   

  12  0:01  Drone  
  13  0:14  Overlord  
  13  0:17  Drone  
  14  0:28  Extractor  
  14  0:29  Drone  
  14  0:33  Drone  
  15  0:36  Drone  
  16  0:48  Drone  
  17  0:55  Spawning Pool  
  16  0:58  Drone  
  17  1:10  Drone  
  18  1:19  Drone  
  19  1:30  Drone  
  20  1:33  Hatchery  
  19  1:40  Overlord  
  19  1:43  Queen  
  21  1:57  Zergling x2  
  22  2:07  Zergling x2  
  22  2:08  Metabolic Boost  
  23  2:16  Zergling x2  
  23  2:21  Evolution Chamber  
  23  2:24  Drone  
  23  2:26  Evolution Chamber  
  23  2:35  Zergling x2  
  24  2:47  Zergling x2  
  24  2:49  Zerg Melee Weapons Level 1  
  24  2:50  Queen  
  27  2:51  Drone  
  28  2:59  Zergling x4  
  28  3:00  Drone  
  31  3:16  Zergling x2  
  31  3:17  Drone  
  33  3:21  Roach Warren  
  33  3:25  Drone x3  
  35  3:35  Zergling x2  
  35  3:40  Overlord x2, Extractor  
  35  3:44  Drone  
  36  3:49  Zerg Ground Armor Level 1  
  36  4:16  Drone x3  
  39  4:20  Roach x3  
  39  4:22  Overlord  
  39  4:23  Drone x3  
  48  4:25  Drone  
  49  4:39  Roach  
  51  4:50  Drone  
  51  4:51  Drone  
  53  4:53  Overlord  
  53  4:55  Drone x2  
  53  4:56  Drone  
  53  4:59  Lair  
  56  5:14  Roach  
  56  5:15  Roach  
  56  5:16  Roach  
  56  5:17  Roach x2  
  56  5:20  Extractor  
  63  5:34  Drone x3  
  63  5:35  Drone  
  67  5:40  Overlord  
  67  5:41  Overlord x2  
  67  5:55  Hatchery  
  66  6:00  Roach x3  
  66  6:03  Roach x2  
  66  6:04  Roach  
  78  6:13  Extractor, Drone x3  
  80  6:24  Spire  
  79  6:25  Overlord  
  79  6:26  Overlord  
  79  6:31  Zerg Missile Weapons Level 1  
  79  6:46  Zerg Melee Weapons Level 2  
  79  6:49  Drone  
  79  6:50  Drone x2  
  82  7:11  Queen  
  82  7:12  Drone  
  85  7:20  Extractor  
  84  7:23  Overlord x2  
  84  7:29  Extractor  
  83  7:36  Drone  
  85  7:37  Drone x2  
  85  7:38  Mutalisk x4  
  94  7:46  Queen, Drone x3  
  99  7:57  Overlord x2, Mutalisk  
  99  7:58  Mutalisk  
  103  8:06  Mutalisk x2  
  107  8:21  Zergling x4  
  107  8:22  Zergling x4  
  85  8:42  Mutalisk x2  
  85  8:43  Mutalisk  
  89  8:48  Mutalisk x3  
  93  8:58  Spore Crawler  
  93  9:01  Spore Crawler  
  93  9:02  Spore Crawler  
  89  9:04  Mutalisk x3  
  89  9:05  Spore Crawler  
  89  9:06  Spore Crawler  
  89  9:07  Spore Crawler  
  89  9:08  Spore Crawler  
  89  9:09  Spore Crawler  
  90  9:11  Mutalisk  
  82  9:48  Zergling x6  
  82  9:49  Zergling x12  
  91  9:55  Drone x3  
  91  9:59  Spore Crawler  
  91  10:02  Spore Crawler  
  91  10:04  Spore Crawler, Drone x4  
  91  10:05  Queen, Spore Crawler  
  92  10:07  Spore Crawler  
  92  10:09  Drone x2  
  92  10:32  Zergling x4  
  92  10:35  Zergling x4  
  85  10:37  Zergling x10  
  83  10:52  Zergling x6  
  83  10:53  Zergling x2  
  83  10:55  Zergling x4  
  87  10:59  Zergling x4  
Show
View Real Time Build Order
Export as new Build Order

zidar Zerg 

Build Orders: Pool First 

Get SALT Encoding   

  12  0:03  Drone  
  13  0:12  Overlord  
  13  0:17  Drone  
  14  0:30  Drone x2  
  16  0:35  Drone  
  17  0:46  Spawning Pool  
  17  0:50  Drone  
  17  0:54  Extractor  
  17  0:57  Drone  
  17  1:22  Hatchery  
  16  1:36  Spine Crawler  
  16  1:37  Drone  
  16  1:47  Queen  
  16  1:52  Zergling x2  
  19  2:07  Zergling x4  
  21  2:11  Metabolic Boost  
  21  2:31  Extractor  
  21  2:32  Drone x2  
  22  2:37  Queen  
  24  2:49  Overlord  
  23  3:18  Roach Warren  
  22  3:22  Drone x2  
  22  3:23  Drone  
  25  3:52  Drone x3  
  27  4:11  Roach  
  27  4:12  Roach x3  
  35  4:23  Overlord  
  35  4:24  Overlord  
  35  4:28  Lair  
  35  4:44  Roach  
  35  4:45  Roach x2  
  41  4:48  Roach  
  43  4:53  Roach  
  45  5:06  Roach x2  
  49  5:18  Ravager  
  50  5:32  Roach  
  50  5:35  Overlord x2  
  52  5:48  Overlord x2  
  52  5:49  Overlord  
  50  6:05  Spire  
  50  6:06  Drone x2  
  50  6:08  Drone  
  52  6:12  Drone  
  52  6:15  Drone  
  54  6:19  Drone  
  55  6:34  Drone x4  
  59  7:04  Overlord  
  59  7:16  Mutalisk x8  
  59  7:18  Mutalisk  
  64  8:37  Mutalisk  
  64  8:38  Mutalisk x3  
  44  9:41  Zergling x2  
  44  9:42  Zergling x28  
  49  10:12  Mutalisk  
  49  10:13  Mutalisk x3  
  38  10:55  Hatchery  
  33  10:59  Hatchery  
Tags
 
Add a new tag
Caveats
  • Supply blocks, unpowered buildings, or Contaminate may cause inaccurate times.
  • Supply counts are checked every 10 seconds.